 Dungeon Crawl Stone Soup version 0.25.0-3-gd7cc5688da (webtiles) character file.

Game seed: 16224131737572124520

744 MisterFreud the Fighter (level 7, -3/64 HPs)
             Began as a Gnoll Wanderer on June 15, 2020.
             Killed by nerve-wracking pain
             ... invoked by an orc priest
              (9 damage)
             ... on level 4 of the Dungeon.
             The game lasted 00:08:03 (5240 turns).

MisterFreud the Fighter (Gnoll Wanderer)            Turns: 5240, Time: 00:08:04

Health: -3/64      AC:  3    Str: 11    XL:     7   Next: 76%
Magic:  10/10      EV: 13    Int: 15    God:
Gold:   212        SH:  0    Dex: 19    Spells: 11/11 levels left

rFire    . . .     SeeInvis .   n - +2 short sword (drain)
rCold    . . .     Gourm    .   (no shield)
rNeg     . . .     Faith    .   f - +0 robe
rPois    .         Spirit   .   (no helmet)
rElec    .         Reflect  .   (no cloak)
rCorr    .         Harm     .   t - +0 pair of gloves
MR       .....                  (no boots)
Stlth    +++.......             p - amulet of magic regeneration
HPRegen  0.20/turn              (no ring)
MPRegen  0.37/turn              (no ring)

@: no status effects
A: distributed training, fangs 1, strong nose
a: no special abilities


You were on level 4 of the Dungeon.
You were not hungry.

You visited 1 branch of the dungeon, and saw 5 of its levels.

You collected 212 gold pieces.

Inventory:

Hand Weapons
 c - a +0 hand crossbow
 h - a +3 dagger
 n - a +2 short sword of draining (weapon)
Missiles
 a - 73 arrows
 b - 2 curare-tipped darts
 d - 33 bolts
 i - 124 stones (quivered)
 w - 18 poisoned darts
Armour
 f - a +0 robe (worn)
 t - a +0 pair of gloves (worn)
Jewellery
 p - an amulet of magic regeneration (around neck)
 r - an uncursed amulet of faith
 v - an uncursed ring of ice
Scrolls
 e - 5 scrolls of teleportation
 j - 2 scrolls of remove curse {unknown}
 m - 6 scrolls of identify {unknown}
 u - a scroll of immolation {unknown}
Potions
 k - a potion of lignification
 o - 2 potions of mutation {unknown}
 q - a potion of brilliance {unknown}
 s - 2 potions of might {unknown}
Comestibles
 g - 4 rations
 x - a chunk of flesh


   Skills:
 + Level 9.0 Fighting
 + Level 2.6 Short Blades
 + Level 2.6 Long Blades
 + Level 2.6 Axes
 + Level 3.7 Maces & Flails
 + Level 2.6 Polearms
 + Level 2.6 Staves
 + Level 2.6 Slings
 + Level 2.6 Bows
 + Level 3.7 Crossbows
 + Level 3.7 Throwing
 + Level 5.3 Armour
 + Level 2.6 Dodging
 + Level 3.6 Stealth
 + Level 2.6 Shields
 + Level 2.6 Unarmed Combat
 + Level 2.6 Spellcasting
 + Level 2.1 Conjurations
 + Level 2.1 Hexes
 + Level 2.1 Charms
 + Level 2.1 Summonings
 + Level 2.1 Necromancy
 + Level 2.1 Translocations
 + Level 2.1 Transmutations
 + Level 2.1 Fire Magic
 + Level 2.1 Ice Magic
 + Level 2.1 Air Magic
 + Level 2.1 Earth Magic
 + Level 2.1 Poison Magic
 + Level 2.9 Invocations
 + Level 2.6 Evocations


You had 11 spell levels left.
You didn't know any spells.
Your spell library was empty.

Dungeon Overview and Level Annotations

Branches:
Dungeon (5/15)
 Temple: D:4-7

Altars:
Gozag
Hepliaklqana
Okawaru
Qazlal
Zin

Annotations:
D:3 3 runed translucent doors, Sedillia's ghost, amateur NaCK
D:4 Eustachio


Innate Abilities, Weirdness & Mutations

Your experience applies equally to all skills.
You have very sharp teeth.
Your uncanny sense of smell can sniff out nearby items.


Message History

* * * LOW HITPOINT WARNING * * *
The orc closely misses you.
The orc priest hits you but does no damage.
You hit the orc priest but do no damage.
The orc priest is heavily wounded.
The orc hits you with a +0 dagger.
* * * LOW HITPOINT WARNING * * *
The orc barely misses you.
You hit the orc priest. You drain the orc priest.
The orc priest is almost dead.
The orc priest misses you. The orc hits you.
* * * LOW HITPOINT WARNING * * *
The orc closely misses you. The orc closely misses you.
You feel better. The orc barely misses you. The orc priest barely misses you.
The orc closely misses you. The orc hits you with a +0 dagger.
* * * LOW HITPOINT WARNING * * *
The orc priest invokes the aid of Beogh against you.
Pain shoots through your body!
You die...

###..o .... . ∆
....#.... .. #
#..##.##### ..#%
#.#.......
.....##.........
o.. #.........!.
...##.÷..#.#####
.........#.#######
####....).o@.....#
#....#.o......#
#......oo.....#
##...##.......#
######.......#
#########


You could see an orc priest (drained) and 3 orcs.

Vanquished Creatures
  A phantom (D:4)
  A sky beast (D:5)
  A centaur (D:5)
  Blork the orc (D:4)
  2 crimson imps (D:5)
  A centaur zombie (D:5)
  An iguana (D:4)
  A worker ant (D:5)
  2 orc wizards (D:5)
  A hound zombie (D:5)
  7 adders
  A gnoll (D:1)
  An ooze (D:3)
  4 worms
  2 dart slugs (D:1)
  3 leopard geckos
  16 orcs
  4 giant cockroaches
  8 goblins
  7 hobgoblins
  14 jackals
  8 kobolds
  A ball python (D:3)
  6 bats
  7 frilled lizards
  5 rats
106 creatures vanquished.

Notes
Turn   | Place    | Note
-------+----------+-------------------------------------------
     0 | D:1      | MisterFreud the Gnoll Wanderer began the quest for the Orb.
     0 | D:1      | MisterFreud set off with the following items: a +2 dagger,
                  | 2 curare-tipped darts, a +0 hand crossbow, 25 bolts, a
                  | scroll of teleportation, a +0 robe, a ration
     0 | D:1      | Reached XP level 1. HP: 26/26 MP: 1/1
   327 | D:1      | Reached XP level 2. HP: 33/33 MP: 2/2
   598 | D:1      | Reached XP level 3. HP: 36/38 MP: 3/3
   883 | D:1      | Reached skill level 1 in Invocations
  1296 | D:2      | Reached skill level 1 in Short Blades
  1296 | D:2      | Reached skill level 1 in Long Blades
  1296 | D:2      | Reached skill level 1 in Axes
  1296 | D:2      | Reached skill level 1 in Polearms
  1296 | D:2      | Reached skill level 1 in Staves
  1296 | D:2      | Reached skill level 1 in Slings
  1296 | D:2      | Reached skill level 1 in Bows
  1296 | D:2      | Reached skill level 1 in Dodging
  1296 | D:2      | Reached skill level 1 in Shields
  1296 | D:2      | Reached skill level 1 in Unarmed Combat
  1296 | D:2      | Reached skill level 1 in Spellcasting
  1296 | D:2      | Reached skill level 1 in Evocations
  1456 | D:2      | Found a stormy altar of Qazlal.
  1521 | D:2      | Reached XP level 4. HP: 42/45 MP: 5/5
  1734 | D:2      | Found an iron altar of Okawaru.
  1961 | D:2      | Found a hazy altar of Hepliaklqana.
  1964 | D:2      | Reached skill level 1 in Conjurations
  1964 | D:2      | Reached skill level 1 in Hexes
  1964 | D:2      | Reached skill level 1 in Charms
  1964 | D:2      | Reached skill level 1 in Summonings
  1964 | D:2      | Reached skill level 1 in Necromancy
  1964 | D:2      | Reached skill level 1 in Translocations
  1964 | D:2      | Reached skill level 1 in Transmutations
  1964 | D:2      | Reached skill level 1 in Fire Magic
  1964 | D:2      | Reached skill level 1 in Ice Magic
  1964 | D:2      | Reached skill level 1 in Air Magic
  1964 | D:2      | Reached skill level 1 in Earth Magic
  1964 | D:2      | Reached skill level 1 in Poison Magic
  2562 | D:3      | Reached XP level 5. HP: 11/51 MP: 6/6
  2851 | D:3      | Found a glowing silver altar of Zin.
  3289 | D:3      | Found a runed translucent gate.
  3289 | D:3      | Found a runed translucent gate.
  3289 | D:3      | Found a runed translucent gate.
  3289 | D:3      | Found an opulent altar of Gozag.
  3289 | D:3      | Noticed Sedillia's ghost (amateur NaCK)
  3517 | D:4      | Noticed Blork the orc
  3520 | D:4      | Noticed a phantom
  3528 | D:4      | Killed Blork the orc
  3567 | D:4      | Reached XP level 6. HP: 31/57 MP: 8/8
  3580 | D:5      | Entered Level 5 of the Dungeon
  3860 | D:4      | Killed a phantom
  3860 | D:4      | Reached skill level 5 in Armour
  4122 | D:4      | Noticed Eustachio
  4603 | D:5      | Reached XP level 7. HP: 23/63 MP: 10/10
  5185 | D:5      | Reached skill level 9 in Fighting
  5237 | D:4      | HP: 2/64 [orc (4)]
  5240 | D:4      | Killed from afar by an orc priest

Illustrated notes

Levels and vault maps discovered:
D:1:      ebering_trefoil_twist, layout_basic, minmay_misc_feat_roman
D:2:      layout_loops_ring, lemuel_coloured_pillars_altar,
          okawaru_ov_weapons_minmay, first_ration, minmay_misc_feat_ornament,
          nicolae_qazlal_general_emergency
D:3:      layout_loops_cross, zin_statuary, ebering_ghost_gozag
D:4:      layout_basic, kennysheep_little_box, uniq_eustachio,
          uniq_blork_the_orc
D:5:      layout_loops_ring, serial_shops, shop, minmay_fountain_box,
          uniq_sigmund

Skill      XL: |  1  2  3  4  5  6  7 |
---------------+----------------------+-----
Invocations    | 1 2 |  2.9
Short Blades   | 1 2 |  2.6
Long Blades    | 1 2 |  2.6
Axes           | 1 2 |  2.6
Polearms       | 1 2 |  2.6
Staves         | 1 2 |  2.6
Slings         | 1 2 |  2.6
Bows           | 1 2 |  2.6
Dodging        | 1 2 |  2.6
Shields        | 1 2 |  2.6
Unarmed Combat | 1 2 |  2.6
Spellcasting   | 1 2 |  2.6
Evocations     | 1 2 |  2.6
Conjurations   | 1 2 |  2.1
Hexes          | 1 2 |  2.1
Charms         | 1 2 |  2.1
Summonings     | 1 2 |  2.1
Necromancy     | 1 2 |  2.1
Translocations | 1 2 |  2.1
Transmutations | 1 2 |  2.1
Fire Magic     | 1 2 |  2.1
Ice Magic      | 1 2 |  2.1
Air Magic      | 1 2 |  2.1
Earth Magic    | 1 2 |  2.1
Poison Magic   | 1 2 |  2.1
Maces & Flails | 3 |  3.7
Crossbows      | 3 |  3.7
Throwing       | 3 |  3.7
Armour         | 5 |  5.3
Stealth        | 3 |  3.6
Fighting       | 9 |  9.0

Action                   |  1- 3 |  4- 6 |  7- 9 || total
-------------------------+-------+-------+-------++-------
Melee: Dagger            |    96 |    83 |       ||   179
       Bite              |     7 |    23 |     7 ||    37
       Punch             |       |     2 |       ||     2
       Short sword       |       |   175 |    73 ||   248
Throw: Stone             |       |     5 |       ||     5
  Use: Potion            |       |     1 |     2 ||     3
 Stab: Sleeping          |     5 |     9 |       ||    14
  Eat: Chunk             |     2 |     9 |     3 ||    14
Armor: Robe              |    18 |    33 |    10 ||    61
       Skin              |       |    10 |       ||    10
Dodge: Dodged            |    53 |   158 |    76 ||   287
